 Dungeon Crawl Stone Soup version 0.30.0-30-g96aa6591b8 (webtiles) character file.

Game seed: 9197165478038799922

1199 cdecastro the Reanimator (level 8, -4/57 HPs)
             Began as a Ghoul Necromancer on June 26, 2023.
             Was a Follower of Makhleb.
             Slain by a wight
             ... wielding a +4 mace of freezing
              (10 damage)
             ... on level 5 of the Dungeon on June 27, 2023.
             The game lasted 00:20:09 (6170 turns).

cdecastro the Reanimator (Ghoul Necromancer)        Turns: 6170, Time: 00:20:10

Health: -4/57      AC:  6    Str: 12    XL:     8   Next: 44%
Magic:  9/9        EV: 11    Int: 12    God:    Makhleb [*.....]
Gold:   344        SH:  0    Dex:  9    Spells: 2/10 levels left

rFire   . . .        s - +1 dagger (venom)
rCold   + . .        (no shield)
rNeg    + + +        d - +1 leather armour {rPois}
rPois   ∞            g - +0 helmet
rElec   .            k - scarf {+Inv}
rCorr   .            D - +0 pair of gloves
SInv    .            (no boots)
Will    .....        (no amulet)
Stlth   +            h - ring of flight
HPRegen 0.00/turn    (no ring)
MPRegen 0.11/turn

%: no passive effects
@: about to teleport, flying, inhibited regen
A: claws 1, cold resistance 1, negative energy resistance 3, inhibited
regeneration, torment resistance 2, devour on kill
a: Renounce Religion, Evoke Invisibility


You were on level 5 of the Dungeon.
You worshipped Makhleb.
Makhleb was aware of your devotion.
You visited 2 branches of the dungeon, and saw 7 of its levels.

You collected 344 gold pieces.

Inventory:

Hand Weapons
 c - a +0 dagger
 r - a +3 whip
 s - a +1 dagger of venom (weapon)
Missiles
 m - 7 poisoned darts (quivered)
Armour
 d - a +1 leather armour of poison resistance (worn)
 g - a +0 helmet (worn)
 k - a scarf of invisibility (worn)
 D - a +0 pair of gloves (worn)
Magical Staves
 o - a staff of air
Jewellery
 h - a ring of flight (left hand)
Wands
 n - a wand of roots (10)
Scrolls
 a - a scroll of vulnerability
 i - a scroll of silence
 j - a scroll of identify
 l - a scroll of immolation
 y - a scroll of fog {unknown}
 z - a scroll of poison {unknown}
 C - a scroll of enchant armour {unknown}
Potions
 b - 2 potions of magic
 e - a potion of resistance
 f - 2 potions of lignification
 p - 2 potions of heal wounds
 q - 2 potions of mutation
 u - 2 potions of curing
 A - a potion of ambrosia {unknown}
 B - a potion of brilliance {unknown}


   Skills:
 * Level 5.8 Short Blades
 - Level 1.7 Dodging
 - Level 2.1 Stealth
 - Level 1.7 Spellcasting
 + Level 8.4 Necromancy


You had 2 spell levels left.
You knew the following spells:

 Your Spells              Type           Power      Damage    Failure   Level
a - Necrotise             Necr           84%        1d8       1%          1
b - Vampiric Draining     Necr           21%        2d7       3%          3
c - Animate Dead          Necr           21%        N/A       11%         4

Your spell library contained the following spells:

 Spells                   Type           Power      Damage    Failure   Level
 Agony                    Necr           21%        N/A       30%         5
 Olgreb's Toxic Radiance  Pois           1%         N/A       98%         4
 Discord                  Hex            0%         N/A       100%        8
 Ignition                 Fire           0%         3d3       100%        8


Dungeon Overview and Level Annotations

Branches:
Dungeon (6/15)             Temple (1/1) D:4

Altars:
Ashenzari
Cheibriados
Dithmenos
Fedhas
Gozag
Hepliaklqana
Kikubaaqudgha
Makhleb
Nemelex Xobeh
Okawaru
Qazlal
Ru
Sif Muna
Trog
Uskayaw
Vehumet
Wu Jian
Xom
Yredelemnul

Annotations:
D:5 vault need dig


Innate Abilities, Weirdness & Mutations

You are immune to poison.
You have sharp fingernails.
Your flesh is cold resistant. (rC+)
You are immune to negative energy. (rN+++)
You do not regenerate when monsters are visible.
You are immune to unholy pain and torment.
You thrive by killing the living.


Message History

Unknown command.
The wight hits you with a +4 mace of freezing.
The wight hits you with a +4 hand axe!
You fly upwards.
Level annotation: vault need dig
There is a stone staircase leading down here.
Unknown command.
Unknown command.
Press: ? - help, v - describe, . - travel
Here: a wight, wielding a +4 hand axe and wearing a +0 robe The floor.
As you read the scroll labelled DUASKU TUFAMEV, it crumbles to dust.
The creatures around you are filled with an inner flame!
It was a scroll of immolation.
The wight closely misses you. The wight hits you with a +4 hand axe!
* * * LOW HITPOINT WARNING * * *
As you read the scroll labelled CAS QECHUM, it crumbles to dust.
You assume a fearsome visage.
The wight is unaffected. x2
It was a scroll of fear.
The wight barely misses you. x2
As you read the scroll labelled PUREWN YSKI, it crumbles to dust.
You feel a surge of unholy energy.
It was a scroll of torment.
The wight hits you with a +4 mace of freezing.
* * * LOW HITPOINT WARNING * * *
The wight freezes you.
* * * LOW HITPOINT WARNING * * *
The wight barely misses you.
As you read the scroll labelled EMOICA REG CUI, it crumbles to dust.
You feel strangely unstable.
It was a scroll of teleportation.
The wight hits you with a +4 mace of freezing!
* * * LOW HITPOINT WARNING * * *
The wight freezes you.
* * * LOW HITPOINT WARNING * * *
The wight hits you with a +4 hand axe.
* * * LOW HITPOINT WARNING * * *
Items here: )) [ †.
As you read the scroll labelled GEQAGADWEUH, it crumbles to dust.
You hear a loud clanging noise!
It was a scroll of noise.
The wight hits you with a +4 mace of freezing!
You die...

##.............# ##...#
#..............## #....#
##.....<.........###....#
#...............###.....# #####
#................##.....#
#...####.............#..#.....>#
......##............#..........#
.#..#..........................##
###.............@#(.............#
.#..............#z..............#
.....##.......#.................#
..#####......#.....#............#
...## #....#.....##.............#
.#..# ##.......###.............##
###.# ##.....####..............#
.#..###....### #...............#
...##.......## ##.............##


You could see a wight (inner flame).

Vanquished Creatures
  A water moccasin (D:5)
  An orc warrior (D:5)
  A black bear (D:5)
  2 ogres (D:5)
  2 phantoms (D:4)
  3 scorpions
  A jelly (D:5)
  2 hounds
  3 orc priests
  2 sleepcaps (D:5)
  An orc wizard (D:5)
  Robin (D:2)
  4 adders
  A shadow imp (D:5)
  An ufetubus (D:4)
  A worm (D:2)
  2 dart slugs
  11 orcs
  6 ball pythons
  6 bats
  15 endoplasms
  A giant cockroach (D:3)
  17 goblins
  6 hobgoblins
  A jackal (D:5)
  A kobold (D:1)
  2 quokkas (D:2)
  6 frilled lizards
  6 rats
107 creatures vanquished.

Vanquished Creatures (others)
  A wizard (D:3)
  3 orc zombies (D:6)
4 creatures vanquished.

Grand Total: 111 creatures vanquished

Notes
Turn   | Place    | Note
-------+----------+-------------------------------------------
     0 | D:1      | cdecastro the Ghoul Necromancer began the quest for the
                  | Orb.
     0 | D:1      | Reached XP level 1. HP: 14/14 MP: 2/2
   195 | D:1      | Reached XP level 2. HP: 18/20 MP: 0/3
  1069 | D:2      | Noticed Robin
  1078 | D:1      | Reached XP level 3. HP: 17/26 MP: 0/4
  1130 | D:2      | Learned a level 3 spell: Vampiric Draining
  1201 | D:2      | Reached skill level 5 in Necromancy
  1828 | D:2      | Reached XP level 4. HP: 26/33 MP: 2/5
  2128 | D:2      | Killed Robin
  2652 | D:3      | Found a burning altar of Makhleb.
  2663 | D:3      | Reached skill level 6 in Necromancy
  2681 | D:3      | Became a worshipper of Makhleb the Destroyer
  2765 | D:3      | Noticed a scorpion
  2778 | D:3      | Killed a scorpion
  2779 | D:3      | Reached XP level 5. HP: 28/38 MP: 2/6
  3119 | D:3      | Found a bloodstained altar of Trog.
  3123 | D:3      | Noticed a wizard
  3128 | D:3      | Killed a wizard
  3584 | D:4      | Found a staircase to the Ecumenical Temple.
  3604 | Temple   | Entered the Ecumenical Temple
  3962 | D:5      | Entered Level 5 of the Dungeon
  3980 | D:5      | Reached XP level 6. HP: 34/45 MP: 7/7
  4027 | D:5      | Found a sacrificial altar of Ru.
  4059 | D:5      | Reached skill level 1 in Short Blades
  4059 | D:5      | Reached skill level 7 in Necromancy
  4589 | D:5      | Reached XP level 7. HP: 31/48 MP: 4/8
  4848 | D:5      | HP: 1/50 [acid (9)]
  4984 | D:4      | Reached * piety under Makhleb
  5158 | D:5      | Reached XP level 8. HP: 52/57 MP: 9/9
  5293 | D:5      | Learned a level 4 spell: Animate Dead
  5311 | D:5      | Reached skill level 5 in Short Blades
  5311 | D:5      | Reached skill level 8 in Necromancy
  6170 | D:5      | Slain by a wight

Illustrated notes

Levels and vault maps discovered:
D:1:      dpeg_arrival_pond, layout_basic, bh_walls_and_bars
D:2:      layout_rooms, uniq_robin
D:3:      layout_loops_ring, mainiacjoe_overflow_boulevard, trog_wizard
D:4:      layout_loops_cross, minmay_temple_entry_large_hall
D:5:      layout_cave_pods, jmf_multi_god_temple, serial_glass, glass_columns_b,
          glass_columns_b, glass_columns_a, glass_columns_b,
          due_unseen_surprise, minmay_strange_pillars, fountainhead,
          kennysheep_generic_room_7
D:6:      lemuel_ratsnest, layout_loops_ring
Temple:   nicolae_temple_two_arcs

Skill      XL: |  1  2  3  4  5  6  7  8 |
---------------+-------------------------+-----
Necromancy     | 5 6 7 8 |  8.4
Short Blades   | 3 4 5 |  5.8
Dodging        | |  1.7
Stealth        | |  2.1
Spellcasting   | |  1.7

Action                     |  1- 3 |  4- 6 |  7- 9 || total
---------------------------+-------+-------+-------++-------
  Melee: Unarmed           |    23 |       |       ||    23
         Dagger            |    62 |   207 |   177 ||   446
         Whip              |       |     3 |       ||     3
         Punch             |       |     2 |     7 ||     9
  Throw: Dart              |       |     3 |       ||     3
   Cast: Necrotise         |    60 |    23 |       ||    83
         Vampiric Draining |       |     3 |     6 ||     9
         Animate Dead      |       |       |     1 ||     1
Ability: Evoke Invisibilit |       |     1 |       ||     1
  Evoke: Wand              |       |       |     1 ||     1
    Use: Scroll            |       |     8 |     5 ||    13
         Potion            |       |     4 |       ||     4
   Stab: Sleeping          |     2 |     2 |       ||     4
         Invisible         |       |     1 |       ||     1
 Armour: Robe              |     9 |       |       ||     9
         Leather armour    |    25 |    80 |    38 ||   143
  Dodge: Dodged            |    60 |   155 |    72 ||   287
